 Dungeon Crawl Stone Soup version 0.21-a0-522-ga8338f0 (webtiles) character file.

2532 slep the Cleaver (level 9, 0/75 HPs)
             Began as a Minotaur Gladiator on Dec 7, 2017.
             Was a Follower of Okawaru.
             Slain by a killer bee (2 damage)
             ... while paralysed by a hornet
             ... on level 8 of the Dungeon.
             The game lasted 00:20:36 (4987 turns).

slep the Cleaver (Minotaur Gladiator)               Turns: 4987, Time: 00:20:36

Health: 0/75       AC:  7    Str: 18 (19) XL:     9   Next: 30%
Magic:  7/7        EV:  2    Int:  2 (3)  God:    Okawaru [*.....]
Gold:   185        SH:  0    Dex: 15      Spells: 8/8 levels left

rFire    . . .     SeeInvis +   a - +0 war axe
rCold    . . .     Gourm    .   N - +0 buckler
rNeg     . . .     Faith    .   K - +2 leather armour {rPois}
rPois    +         Spirit   .   c - +0 hat
rElec    .         Reflect  .   (no cloak)
rCorr    .         Harm     .   h - +1 pair of gloves
MR       .....     Rnd*Tele +   (no boots)
Stlth    ++........             (no amulet)
HPRegen  0.22/turn              S - ring of teleportation (curse)
MPRegen  0.10/turn              E - ring of see invisible

@: paralysed, lethally poisoned (0 -> -2), slowed
A: retaliatory headbutt, horns 2, blurry vision 1, dopey 1, low mp 1, screaming
1, no potion heal 2
a: Heroism, Renounce Religion


You were on level 8 of the Dungeon.
You worshipped Okawaru.
Okawaru was aware of your devotion.
You were not hungry.

You visited 1 branch of the dungeon, and saw 8 of its levels.

You collected 185 gold pieces.

Inventory:

Hand Weapons
 a - a +0 war axe (weapon)
 p - a +0 mace of venom
 F - a +0 spear
 J - a +2 flail of venom
 O - a +1 war axe of distortion
Missiles
 d - 3 throwing nets (quivered)
Armour
 b - a +0 leather armour
 c - a +0 hat (worn)
 h - a +1 pair of gloves (worn)
 m - a +0 ring mail
 x - a +0 pair of gloves
 K - a +2 leather armour of poison resistance (worn)
 N - a +0 buckler (worn)
Jewellery
 l - a +3 ring of dexterity
 u - a +3 ring of dexterity
 E - a ring of see invisible (right hand)
 S - a cursed ring of teleportation (left hand)
Wands
 y - a wand of polymorph (15)
 A - a wand of digging (13)
 R - a wand of acid (19)
Scrolls
 e - 2 scrolls of teleportation {unknown}
 g - 8 scrolls of enchant weapon {unknown}
 j - 2 scrolls of immolation {unknown}
 k - 7 scrolls of identify {unknown}
 n - 5 scrolls of remove curse {unknown}
 o - 2 scrolls of magic mapping {unknown}
 w - a scroll of noise {unknown}
 B - 3 scrolls of amnesia {unknown}
 H - a scroll of blinking {unknown}
 I - 2 scrolls of enchant armour {unknown}
Potions
 i - a potion of mutation {unknown}
 s - 2 potions of brilliance
 t - 5 potions of curing
 z - 2 potions of degeneration
 C - 3 potions of resistance
 G - a potion of ambrosia {unknown}
 L - a potion of flight {unknown}
 P - a potion of agility {unknown}
Books
 M - a book of Minor Magic

   Spells                             Type                      Level
   a - Magic Dart                     Conjuration                  1
   b - Blink                          Translocation                2
   c - Call Imp                       Summoning                    2
   d - Slow                           Hexes                        2
   e - Conjure Flame                  Conjuration/Fire             3
   f - Mephitic Cloud                 Conjuration/Poison/Air       3
Comestibles
 f - 7 bread rations
 q - 7 meat rations
 r - 4 royal jellies
 v - 5 chunks of flesh
 D - 3 fruits


   Skills:
 + Level 5.8 Fighting
 + Level 11.8 Axes
 + Level 2.1 Throwing
 + Level 4.4 Armour
 + Level 5.7 Dodging
 + Level 2.1 Stealth
 + Level 2.5 Shields


You had 8 spell levels left.
You didn't know any spells.

Dungeon Overview and Level Annotations

Branches:
Dungeon (8/15)             Temple (0/1) D:7
   Lair: D:8-11

Altars:
Cheibriados
Elyvilon
Gozag
Kikubaaqudgha
Okawaru
Qazlal
Uskayaw
Vehumet

Shops:
D:7 [


Innate Abilities, Weirdness & Mutations

You reflexively headbutt those who attack you in melee.
You have a pair of horns on your head.
Scrolls take you a little longer to read.
You are dopey. (Int -2)
Your magical capacity is low. (-10% MP)
You occasionally shout uncontrollably at your foes.
Potions are poor at restoring your health.


Message History

You furiously retaliate!
You headbutt the killer bee. You hit the hornet but do no damage.
Your headbutt misses the hornet.
The hornet is lightly wounded.
You hit the killer bee. The hornet stings you! The killer bee stings you.
* * * LOW HITPOINT WARNING * * *
The hornet stings you!
* * * LOW HITPOINT WARNING * * *
You suddenly lose the ability to move!
The killer bee stings you but does no damage.
You feel sick.
The killer bee stings you but does no damage.
The hornet stings you but does no damage.
The killer bee stings you!
* * * LOW HITPOINT WARNING * * *
The killer bee stings you but does no damage.
The hornet stings you but does no damage.
The hornet stings you.
* * * LOW HITPOINT WARNING * * *
You feel yourself slow down. The killer bee stings you.
You die...

...# #.#
#.###.#######.######
.....<.............#
#.###.#########.##.#
...# #.##.# #####
######.##>#
#.........#
#.####.######.#
#.@yy.....
#y######.# ..Z.
#..#. .... .. #..##
## .... #.#


You could see a hornet, 2 killer bees and a hound skeleton.

Vanquished Creatures
  An ice beast (D:7)
  A sky beast (D:5)
  A phantom (D:7)
  6 ogres
  The ghost of Ofeo the Insei, an amateur DsGl (D:3)
  4 bullfrogs
  A big kobold (D:7)
  A water moccasin zombie (D:5)
  4 killer bees (D:8)
  3 howler monkeys
  A centaur zombie (D:6)
  A crimson imp (D:5)
  5 orc priests
  2 bullfrog skeletons
  2 hounds
  A jelly (D:6)
  3 centaur skeletons
  6 orc wizards
  Natasha (thrice) (D:2)
  3 worker ants
  A howler monkey skeleton (D:4)
  14 adders
  A shadow imp (D:6)
  2 oozes
  3 dart slugs (D:1)
  4 leopard geckos
  23 orcs
  5 giant cockroaches
  7 goblins
  6 hobgoblins
  6 jackals
  13 kobolds
  A quokka (D:6)
  2 ball pythons
  6 bats
  5 frilled lizards
  A leopard gecko zombie (D:5)
  6 rats
156 creatures vanquished.

Vanquished Creatures (others)
  A jelly (D:7)
1 creature vanquished.

Grand Total: 157 creatures vanquished

Notes
Turn   | Place    | Note
-------+----------+-------------------------------------------
     0 | D:1      | slep the Minotaur Gladiator began the quest for the Orb.
     0 | D:1      | Reached XP level 1. HP: 18/18 MP: 0/0
   182 | D:1      | Reached XP level 2. HP: 21/25 MP: 1/1
   237 | D:1      | Reached skill level 4 in Axes
   487 | D:1      | Reached XP level 3. HP: 28/30 MP: 2/2
   598 | D:2      | Found a snail-covered altar of Cheibriados.
   598 | D:2      | Found a radiant altar of Vehumet.
   599 | D:2      | Found a white marble altar of Elyvilon.
   971 | D:2      | Noticed Natasha
   976 | D:2      | Killed Natasha
   976 | D:2      | Reached skill level 1 in Armour
   976 | D:2      | Reached XP level 4. HP: 37/38 MP: 3/3
  1148 | D:3      | Noticed Ofeo's ghost (amateur DsGl)
  1167 | D:3      | Killed Ofeo's ghost
  1167 | D:3      | Reached skill level 5 in Axes
  1167 | D:3      | Reached XP level 5. HP: 23/45 MP: 4/4
  1295 | D:2      | Noticed Natasha
  1300 | D:2      | Killed Natasha
  1404 | D:2      | Noticed Natasha
  1411 | D:2      | Killed Natasha
  1448 | D:3      | Reached skill level 6 in Axes
  1641 | D:3      | Reached XP level 6. HP: 49/51 MP: 5/5
  1714 | D:3      | Found an opulent altar of Gozag.
  1904 | D:4      | Reached skill level 7 in Axes
  1953 | D:4      | Reached XP level 7. HP: 43/58 MP: 6/6
  2029 | D:4      | Found a hide-covered altar of Uskayaw.
  2220 | D:4      | Found an ancient bone altar of Kikubaaqudgha.
  2359 | D:5      | Entered Level 5 of the Dungeon
  2569 | D:5      | Reached skill level 8 in Axes
  2933 | D:5      | Gained mutation: Potions are less effective at restoring your health. [mutagenic glow]
  2978 | D:5      | Gained mutation: Your magical capacity is low. (-10% MP) [mutagenic glow]
  3007 | D:5      | Reached skill level 9 in Axes
  3007 | D:5      | Reached skill level 1 in Stealth
  3011 | D:5      | Gained mutation: You occasionally shout uncontrollably at your foes. [mutagenic meat]
  3012 | D:5      | Gained mutation: Scrolls take you a little longer to read. [mutagenic meat]
  3013 | D:5      | Gained mutation: Potions are poor at restoring your health. [mutagenic meat]
  3014 | D:5      | Gained mutation: You are dopey. (Int -2) [mutagenic meat]
  3015 | D:5      | Gained mutation: You tend to lose your temper in combat. [mutagenic meat]
  3016 | D:5      | Lost mutation: You tend to lose your temper in combat. [mutagenic meat]
  3405 | D:6      | Reached XP level 8. HP: 67/67 MP: 6/6
  3547 | D:6      | Reached skill level 5 in Fighting
  3650 | D:6      | Found a stormy altar of Qazlal.
  4109 | D:7      | Reached skill level 10 in Axes
  4115 | D:7      | Reached skill level 5 in Dodging
  4115 | D:7      | Reached skill level 1 in Shields
  4147 | D:7      | HP: 3/69 [orc priest/divine providence (14)]
  4234 | D:7      | Found an iron altar of Okawaru.
  4242 | D:7      | Became a worshipper of Warmaster Okawaru
  4343 | D:7      | Found an iron altar of Okawaru.
  4383 | D:7      | Reached XP level 9. HP: 41/75 MP: 7/7
  4384 | D:7      | Found a staircase to the Ecumenical Temple.
  4405 | D:7      | Reached skill level 11 in Axes
  4453 | D:7      | Found Alexip's Armour Shoppe.
  4485 | D:7      | Reached * piety under Okawaru
  4985 | D:8      | Paralysed by a hornet for 2 turns
  4986 | D:8      | HP: 3/75 [killer bee (7)]
  4987 | D:8      | Slain by a killer bee

Vault maps used:
D:1:      dpeg_arrival_yet_another_circle
D:2:      gammafunk_temple_overflow_forgotten, uniq_natasha
D:3:      first_bread, serial_bayou_pond_b,
          nicolae_gozag_cash_rules_everything_around_me
D:4:      lemuel_round_altar, lemuel_coloured_pillars_altar
D:5:      serial_glass, glass_columns_b, glass_columns_a,
          minmay_strange_pillars, grunt_ministairs_15
D:6:      basic_altar, kennysheep_generic_room_9
D:7:      nicolae_overflow_crystal_walls, minmay_temple_entry_from_below_a,
          enter_bailey_3, serial_shops, kennysheep_mini_moat, basic_altar,
          grunt_ogre_cave
D:8:      grunt_lair_entry_orc_guard_hut, uniq_erica

Skill      XL: |  1  2  3  4  5  6  7  8  9 |
---------------+----------------------------+-----
Axes           | 4 5 6 7 9 10 11 | 11.8
Dodging        | 4 5 |  5.7
Fighting       | 3 4 5 |  5.8
Armour         | 1 2 3 4 |  4.4
Stealth        | 1 2 |  2.1
Shields        | 1 2 |  2.5
Throwing       | |  2.1

Action                   |  1- 3 |  4- 6 |  7- 9 || total
-------------------------+-------+-------+-------++-------
Melee: War axe           |    69 |    67 |   230 ||   366
       Headbutt          |    10 |    15 |    58 ||    83
Throw: Throwing net      |       |       |     1 ||     1
  Use: Potion            |       |       |     6 ||     6
 Stab: Sleeping          |       |       |     3 ||     3
  Eat: Chunk             |       |     3 |    16 ||    19
Armor: Leather armour    |     7 |       |    64 ||    71
       Ring mail         |    18 |    31 |     1 ||    50
Dodge: Dodged            |    57 |    58 |   150 ||   265
Block: Buckler           |       |       |    31 ||    31

Table legend:
 A = Spawn XP
 B = Non-spawn XP
 C = Spawn XP percentage of total XP
 D = Spawn monster count
 E = Non-spawn monster count
 F = Spawn count percentage of total count
 G = Total turns spent on level
                    A         B        C        D         E        F      G
               +---------+---------+-------+---------+---------+-------+---------
         Total |       0 |    3618 |   0.0 |       0 |     156 |   0.0 |  4987
               +---------+---------+-------+---------+---------+-------+---------
           D:1 |       0 |      45 |   0.0 |       0 |      25 |   0.0 |   546
           D:2 |       0 |     156 |   0.0 |       0 |      14 |   0.0 |   839
           D:3 |       0 |     218 |   0.0 |       0 |      21 |   0.0 |   400
           D:4 |       0 |     389 |   0.0 |       0 |      13 |   0.0 |   574
           D:5 |       0 |     615 |   0.0 |       0 |      20 |   0.0 |   969
           D:6 |       0 |     450 |   0.0 |       0 |      18 |   0.0 |   774
           D:7 |       0 |    1487 |   0.0 |       0 |      40 |   0.0 |   842
           D:8 |       0 |     258 |   0.0 |       0 |       5 |   0.0 |    43
               +---------+---------+-------+---------+---------+-------+---------
